 Dungeon Crawl Stone Soup version 0.20.1-1-g8b1a95d (webtiles) character file.

8344 gobwax the Arsonist (level 11, -36/74 HPs)
             Began as a Green Draconian Fire Elementalist on Aug 12, 2017.
             Was a Believer of Vehumet.
             Killed from afar by a frost giant (61 damage)
             ... with a bolt of cold
             ... on level 10 of the Dungeon.
             The game lasted 00:49:59 (11291 turns).

gobwax the Arsonist (DrFE)                         Turns: 11291, Time: 00:50:00

Health: -36/74     AC:  7    Str: 10    XL:     11   Next: 8%
Magic:  5/24       EV: 12    Int: 18    God:    Vehumet [**....]
Gold:   116        SH:  0    Dex: 13    Spells: 6/29 levels left

rFire    + . .     SeeInvis .   P - staff of energy
rCold    x . .     Gourm    .   (no shield)
rNeg     . . .     Faith    .   (armour unavailable)
rPois    +         Spirit   .   (helmet restricted)
rElec    .         Reflect  .   (no cloak)
rCorr    .         Harm     .   (no gloves)
MR       .....                  (no boots)
Stlth    ++........             p - amulet of magic regeneration
Regen    0.3/turn               S - ring of wizardry
MPRegen  0.3/turn               z - ring of fire

@: short of breath
A: breathe noxious fumes, unfitting armour, horns 1, poison resistance,
evolution 1, cold-blooded, AC +7
a: Breathe Noxious Fumes, Renounce Religion


You were on level 10 of the Dungeon.
You worshipped Vehumet.
Vehumet was pleased with you.
You were not hungry.

You visited 2 branches of the dungeon, and saw 11 of its levels.

You collected 506 gold pieces.
You spent 390 gold pieces at shops.

Inventory:

Hand Weapons
 k - a -3 dagger
 q - a +1 vampiric whip
 A - the +7 scythe "Saynoelemm" {slice, rN+ Stlth+}
   (You found it on level 7 of the Dungeon)

   It inflicts extra damage upon your enemies.
   It protects you from negative energy.
   It makes you more stealthy.
 D - a +2 dagger of speed
 G - a +1 whip of venom
 H - a -3 rapier
Missiles
 i - 7 poisoned tomahawks (quivered)
Magical Staves
 P - an uncursed staff of energy (weapon)
 Q - an uncursed staff of earth
Jewellery
 e - an uncursed ring of stealth
 o - an uncursed amulet of regeneration
 p - an amulet of magic regeneration (around neck)
 z - a ring of fire (right hand)
 C - an uncursed ring of flight
 K - an uncursed ring of positive energy
 R - a +3 ring of strength
 S - a ring of wizardry (left hand)
 Z - a +4 ring of strength
Wands
 u - a wand of disintegration (0/24)
 v - a wand of random effects (26/48)
 B - a wand of flame (15/48)
 T - a wand of flame (13/48)
Scrolls
 f - 2 scrolls of remove curse
 l - 2 scrolls of enchant armour {unknown}
 n - 4 scrolls of teleportation {unknown}
 r - 5 scrolls of identify
 t - 3 scrolls of recharging {unknown}
 w - 4 scrolls of enchant weapon {unknown}
 x - 3 scrolls of magic mapping {unknown}
 y - a scroll of amnesia {unknown}
 E - a scroll of blinking
 L - a scroll of fear {unknown}
 X - a scroll of noise {unknown}
Potions
 c - 6 potions of flight
 d - a potion of agility
 g - 2 potions of might
 h - a potion of curing
 F - a potion of invisibility {unknown}
 U - a potion of ambrosia
 V - 3 potions of degeneration {unknown}
 W - a potion of lignification {unknown}
Books
 a - a book of Flames

   Spells                             Type                      Level
   a - Flame Tongue                   Conjuration/Fire             1
   b - Throw Flame                    Conjuration/Fire             2
   c - Conjure Flame                  Conjuration/Fire             3
   d - Inner Flame                    Hexes/Fire                   3
   e - Sticky Flame                   Conjuration/Fire             4
   f - Fireball                       Conjuration/Fire             5
 I - a book of Misfortune

   Spells                             Type                      Level
   a - Confusing Touch                Hexes                        1
   b - Confuse                        Hexes                        3
   c - Gell's Gravitas                Translocation                3
   d - Petrify                        Transmutation/Earth          4
   e - Metabolic Englaciation         Hexes/Ice                    5
   f - Yara's Violent Unravelling     Hexes/Transmutation          5
 J - a book of Changes

   Spells                             Type                      Level
   a - Beastly Appendage              Transmutation                1
   b - Sticks to Snakes               Transmutation                2
   c - Spider Form                    Transmutation/Poison         3
   d - Ice Form                       Ice/Transmutation            4
   e - Blade Hands                    Transmutation                5
 M - a book of Spatial Translocations

   Spells                             Type                      Level
   a - Blink                          Translocation                2
   b - Shroud of Golubria             Charms/Translocation         2
   c - Lesser Beckoning               Translocation                3
   d - Gell's Gravitas                Translocation                3
   e - Teleport Other                 Translocation                3
   f - Passage of Golubria            Translocation                4
 N - the Tome of Combat Magic
   (You found it on level 7 of the Dungeon)

   Spells                             Type                      Level
   a - Flame Tongue                   Conjuration/Fire             1
   b - Magic Dart                     Conjuration                  1
   c - Dazzling Spray                 Conjuration/Hexes            3
   d - Orb of Destruction             Conjuration                  7
   e - Spellforged Servitor           Conjuration/Summoning        7
Miscellaneous
 O - a lamp of fire
Comestibles
 b - 7 bread rations
 j - 8 meat rations
 m - 3 royal jellies
 s - 32 fruits
 Y - 4 chunks of flesh


   Skills:
 - Level 0.6 Short Blades
 - Level 1.7 Maces & Flails
 - Level 1.8 Dodging
 - Level 1.7 Stealth
 + Level 9.6 Spellcasting
 * Level 9.9 Conjurations
 + Level 0.8 Translocations
 + Level 10.0 Fire Magic


You had 6 spell levels left.
You knew the following spells:

 Your Spells              Type           Power        Failure   Level  Hunger
a - Flame Tongue          Conj/Fire      #####        1%          1    None
b - Throw Flame           Conj/Fire      ######       1%          2    None
c - Conjure Flame         Conj/Fire      ######..     1%          3    None
d - Sticky Flame          Conj/Fire      ######..     1%          4    None
e - Fireball              Conj/Fire      ######....   1%          5    None
f - Blink                 Tloc           N/A          3%          2    None
g - Teleport Other        Tloc           ##......     8%          3    None
h - Ignite Poison         Fire/Tmut/Pois ####....     2%          3    None


Dungeon Overview and Level Annotations

Branches:
Dungeon (10/15)            Temple (1/1) D:6            Lair (0/6) D:8
    Orc (0/2) D:9

Altars:
Ashenzari
Cheibriados
Dithmenos
Elyvilon
Fedhas
Gozag
Kikubaaqudgha
Makhleb
Nemelex Xobeh
Okawaru
Ru
Sif Muna
Trog
Uskayaw
Vehumet
Xom
Yredelemnul
Zin
The Shining One

Shops:
D:5 =   D:8 }


Innate Abilities, Weirdness & Mutations

You can breathe blasts of noxious fumes.
Your lurid green scales are hard. (AC +7)
You cannot fit into any form of body armour.
Your system is resistant to poisons. (rPois)
You are cold-blooded and may be slowed by cold attacks.
You have a pair of small horns on your head.
You evolve.


Message History

Press: ? - help, Dir - move target cursor You feel a surge of power!
The fire ignites!
Casting: Conjure Flame
Confirm with . or Enter, or press ? or * to list all spells.
Aiming: Conjure Flame
Press: ? - help, Dir - move target cursor You feel a surge of power!
The fire ignites!
The frost giant is engulfed in blazing flames.
The frost giant gestures at you while chanting.
You hear a sizzling sound!
Okay, then.
Casting: Conjure Flame
Confirm with . or Enter, or press ? or * to list all spells.
Okay, then.
You channel some magical energy.
You feel slightly more hungry.
The frost giant is engulfed in blazing flames.
The frost giant casts a spell at you. The bolt of cold hits you!
You feel a terrible chill!
Ouch! That really hurt!
You die...

.. #...#..#.# #.#...#.######.#
... #...#..#.# #.#...#.# #.#
.....#...#..#.###.#...#.#
.....#......#...[.#...#.#
.......#.#........#...#.####
............................
..>.....#..#####.##.###########
.............###...............
#####.#'#....#@#..#.###########
#<.....###.#..........#
#......#.#C#..#.##.##.#
#......#.#.##...##.##.#
#.....#.#.#.#.###.###)#####
#.....###ยง#.#. ##..#......
#.....# #.#.# ######### #.#.#.#
###.# #.#.#.# |#


You could see a frost giant.

Vanquished Creatures
  A two-headed ogre (D:7)
  The ghost of tidbits the Martial Artist, a novice DgTm (D:8)
  The ghost of Zleub the Spear-Bearer, a novice MfSk (D:6)
  A kobold demonologist (D:10)
  2 trolls
  Grinder (D:3)
  A wraith (D:7)
  5 yaks (D:9)
  A wyvern (D:9)
  Eustachio (D:5)
  2 hungry ghosts
  Edmund (D:6)
  A water moccasin (D:6)
  2 hell hounds (D:8)
  An orc warrior (D:7)
  2 ice beasts (D:6)
  A sky beast (D:5)
  A black bear (D:7)
  An eye of draining (D:8)
  A necrophage (D:7)
  A phantom (D:4)
  6 ogres
  2 centaurs
  3 big kobolds
  Blork the orc (D:5)
  3 bullfrogs
  A wyvern zombie (D:8)
  2 scorpions (D:6)
  6 killer bees (D:8)
  8 wights
  2 howler monkeys
  2 bullfrog zombies
  3 crimson imps
  2 centaur zombies
  5 hounds
  A centaur skeleton (D:5)
  A bullfrog skeleton (D:10)
  An orc priest (D:9)
  2 jellies
  5 orc wizards
  5 iguanas
  10 worker ants
  A hound zombie (D:7)
  A hound skeleton (D:7)
  A worker ant zombie (D:6)
  A howler monkey zombie (D:8)
  8 gnolls
  A howler monkey skeleton (D:8)
  16 adders
  3 shadow imps
  An ooze (D:6)
  7 worms
  A dart slug (D:1)
  6 leopard geckos
  25 orcs
  9 bats
  4 giant cockroaches
  9 goblins
  10 hobgoblins
  12 jackals
  13 kobolds
  2 quokkas
  5 frilled lizards
  A jackal skeleton (D:5)
  2 leopard gecko skeletons
  9 rats
248 creatures vanquished.

Vanquished Creatures (others)
  An ogre (D:6)
1 creature vanquished.

Grand Total: 249 creatures vanquished

Notes
Turn   | Place    | Note
-------+----------+-------------------------------------------
     0 | D:1      | gobwax the Draconian Fire Elementalist began the quest for the Orb.
     0 | D:1      | Reached XP level 1. HP: 14/14 MP: 3/3
   281 | D:1      | Reached XP level 2. HP: 11/20 MP: 5/5
  1143 | D:1      | Reached XP level 3. HP: 18/26 MP: 0/6
  1419 | D:2      | Reached skill level 4 in Fire Magic
  1624 | D:2      | Learned a level 2 spell: Throw Flame
  1628 | D:2      | Learned a level 3 spell: Conjure Flame
  1961 | D:2      | Reached XP level 4. HP: 33/33 MP: 3/8
  3001 | D:3      | Reached XP level 5. HP: 36/38 MP: 0/9
  3337 | D:3      | Noticed Grinder
  3345 | D:3      | Learned a level 4 spell: Sticky Flame
  3354 | D:3      | Killed Grinder
  3354 | D:3      | Reached skill level 5 in Fire Magic
  3354 | D:3      | Reached XP level 6. HP: 27/45 MP: 1/11
  3729 | D:3      | Found an iron altar of Okawaru.
  3729 | D:3      | Found a faded altar of an unknown god.
  3739 | D:3      | Found a shimmering altar of Xom.
  3741 | D:3      | Found a faded altar of an unknown god.
  3743 | D:3      | Found a glowing golden altar of the Shining One.
  4100 | D:4      | Your scales start taking on a lurid green colour.
  4100 | D:4      | Reached XP level 7. HP: 50/50 MP: 9/13
  4100 | D:4      | Gained mutation: Your system is resistant to poisons. (rPois) [Green Draconian growth]
  4367 | D:4      | Found a hide-covered altar of Uskayaw.
  4369 | D:4      | Found a snail-covered altar of Cheibriados.
  4589 | D:5      | Entered Level 5 of the Dungeon
  4599 | D:5      | Noticed Blork the orc
  4606 | D:5      | Killed Blork the orc
  4606 | D:5      | Reached skill level 5 in Spellcasting
  4660 | D:5      | Reached skill level 6 in Fire Magic
  4753 | D:5      | Found Kuti's Jewellery Shoppe.
  4994 | D:5      | Reached skill level 5 in Conjurations
  4994 | D:5      | Reached XP level 8. HP: 57/57 MP: 8/16
  4998 | D:5      | Gained mutation: You have sharp toenails. [mutagenic meat]
  4999 | D:5      | Gained mutation: Your tail ends in a poisonous barb. [mutagenic meat]
  5000 | D:5      | Gained mutation: You have supernaturally acute eyesight. (SInv) [mutagenic meat]
  5002 | D:5      | Gained mutation: You have a pair of small horns on your head. [mutagenic meat]
  5003 | D:5      | Lost mutation: You have sharp toenails. [mutagenic meat]
  5024 | D:5      | Noticed Eustachio
  5034 | D:5      | Learned a level 5 spell: Fireball
  5080 | D:5      | Killed Eustachio
  5428 | D:6      | Reached skill level 7 in Fire Magic
  5500 | D:6      | Noticed Edmund
  5513 | D:6      | Killed Edmund
  5513 | D:6      | Reached skill level 1 in Maces & Flails
  5907 | D:6      | Found a staircase to the Ecumenical Temple.
  5916 | Temple   | Entered the Ecumenical Temple
  5941 | Temple   | Became a worshipper of Vehumet
  6090 | D:6      | Reached XP level 9. HP: 62/62 MP: 9/19
  6287 | D:6      | Noticed Zleub's ghost (novice MfSk)
  6317 | D:6      | Killed Zleub's ghost
  6444 | D:6      | Found a white marble altar of Elyvilon.
  6444 | D:6      | Found a sacrificial altar of Ru.
  6624 | D:6      | Reached skill level 8 in Fire Magic
  7380 | D:7      | Found a runed door.
  7385 | D:7      | Noticed a two-headed ogre
  7391 | D:7      | Reached * piety under Vehumet
  7391 | D:7      | Offered knowledge of Sting by Vehumet.
  7405 | D:7      | Killed a two-headed ogre
  7405 | D:7      | Reached XP level 10. HP: 26/69 MP: 1/22
  7687 | D:7      | Lost mutation: You have a pair of small horns on your head. [potion of mutation]
  7687 | D:7      | Lost mutation: Your tail ends in a poisonous barb. [potion of mutation]
  7687 | D:7      | Gained mutation: Your muscles are strong. (Str +2) [potion of mutation]
  7687 | D:7      | Gained mutation: Your mind is acute. (Int +2) [potion of mutation]
  7687 | D:7      | Gained mutation: Potions are less effective at restoring your health. [potion of mutation]
  7687 | D:7      | Gained mutation: You are agile. (Dex +2) [potion of mutation]
  7688 | D:7      | Lost mutation: You are agile. (Dex +2) [potion of mutation]
  7688 | D:7      | Lost mutation: Potions are less effective at restoring your health. [potion of mutation]
  7688 | D:7      | Lost mutation: Your mind is acute. (Int +2) [potion of mutation]
  7688 | D:7      | Lost mutation: Your muscles are strong. (Str +2) [potion of mutation]
  7688 | D:7      | Lost mutation: You have supernaturally acute eyesight. (SInv) [potion of mutation]
  7688 | D:7      | Gained mutation: You are weak. (Str -2) [potion of mutation]
  7688 | D:7      | Gained mutation: You possess an exceptional clarity of mind. [potion of mutation]
  7689 | D:7      | Lost mutation: You possess an exceptional clarity of mind. [potion of mutation]
  7689 | D:7      | Lost mutation: You are weak. (Str -2) [potion of mutation]
  7689 | D:7      | Gained mutation: You evolve. [potion of mutation]
  7689 | D:7      | Gained mutation: You have a pair of small horns on your head. [potion of mutation]
  7719 | D:7      | Reached skill level 9 in Fire Magic
  7774 | D:7      | Got a dazzling scythe
  7780 | D:7      | Identified the Tome of Combat Magic
  7786 | D:7      | Identified the +7 scythe "Saynoelemm" {slice, rN+ Stlth+} (You found it on level 7 of the Dungeon)
  7791 | D:7      | Learned a level 2 spell: Blink
  8078 | D:8      | Noticed tidbits's ghost (novice DgTm)
  8092 | D:8      | Killed tidbits's ghost
  8165 | D:8      | Found a staircase to the Lair.
  8912 | D:9      | Offered knowledge of Sandblast by Vehumet.
  9402 | D:5      | Bought an uncursed ring of wizardry for 390 gold pieces
  9411 | D:5      | Learned a level 3 spell: Teleport Other
  9653 | D:8      | Reached ** piety under Vehumet
 10134 | D:8      | Found Regho's Gadget Emporium.
 10531 | D:9      | Found an ancient bone altar of Kikubaaqudgha.
 10575 | D:9      | Found a staircase to the Orcish Mines.
 10736 | D:9      | Offered knowledge of Ignite Poison by Vehumet.
 10741 | D:9      | Learned a level 3 spell: Ignite Poison
 11012 | D:10     | Entered Level 10 of the Dungeon
 11120 | D:10     | Reached XP level 11. HP: 74/74 MP: 13/24
 11281 | D:10     | Noticed a frost giant
 11285 | D:10     | Reached skill level 10 in Fire Magic
 11291 | D:10     | Killed from afar by a frost giant

Skill      XL: |  1  2  3  4  5  6  7  8  9 10 11 |
---------------+----------------------------------+-----
Fire Magic     | 4 5 6 7 8 9 10 | 10.0
Conjurations   | 2 3 4 5 6 7 9 |  9.9
Spellcasting   | 3 4 5 6 8 9 |  9.6
Maces & Flails | 1 |  1.7
Short Blades   | |  0.6
Dodging        | |  1.8
Stealth        | |  1.7
Translocations | |  0.8

Action                   |  1- 3 |  4- 6 |  7- 9 | 10-12 || total
-------------------------+-------+-------+-------+-------++-------
Melee: Unarmed           |    82 |    13 |    14 |       ||   109
       Tailslap          |     4 |       |     8 |     4 ||    16
       Dagger            |     6 |       |    98 |    15 ||   119
       Whip              |       |       |    15 |       ||    15
       Headbutt          |       |       |    18 |     8 ||    26
       Scythe            |       |       |       |     7 ||     7
       Staff             |       |       |       |     5 ||     5
Throw: Tomahawk          |     1 |       |       |       ||     1
 Cast: Flame Tongue      |    56 |   104 |   137 |   125 ||   422
       Throw Flame       |     1 |    12 |    51 |    53 ||   117
       Sticky Flame      |       |     1 |    13 |    18 ||    32
       Conjure Flame     |       |       |     8 |    20 ||    28
       Fireball          |       |       |     3 |     8 ||    11
       Blink             |       |       |       |     5 ||     5
       Ignite Poison     |       |       |       |     1 ||     1
 Abil: Breathe Noxious F |       |       |     2 |     9 ||    11
Evoke: Wand              |       |       |       |    11 ||    11
       Staff of energy   |       |       |       |     3 ||     3
  Use: Scroll            |     3 |     1 |     3 |     5 ||    12
       Potion            |       |       |     3 |     7 ||    10
 Stab: Sleeping          |       |       |     3 |       ||     3
       Confused          |       |       |       |     1 ||     1
  Eat: Chunk             |     4 |     8 |    18 |    14 ||    44
       Fruit             |       |       |     2 |     1 ||     3
Armor: Skin              |    58 |    13 |    45 |    30 ||   146
Dodge: Dodged            |   101 |    44 |    98 |    58 ||   301
